Map: Hard Lead LE

Players

RustyShacky

  • Race: Terran Terran
  • League: Diamond
  • Spawn Location: 5:00

JMONEYMAGIC - Winner!

  • Race: Zerg Zerg
  • League: Master
  • Spawn Location: 11:00

VOD

Have the link to the VOD?

Description

Time

  • Played on: Dec. 2, 2023, 8:57 p.m.
  • Length: 10:35
Show
View Real Time Build Order
Export as new Build Order

RustyShacky Terran 

Build Orders: Mech 

Get SALT Encoding   

  12  0:00  SCV  
  13  0:12  SCV  
  14  0:17  Supply Depot  
  14  0:24  SCV  
  15  0:38  SCV  
  15  0:39  Barracks  
  16  0:44  Refinery  
  16  0:50  SCV  
  17  1:02  SCV  
  18  1:15  SCV  
  19  1:26  Marine  
  19  1:27  Orbital Command  
  20  1:43  Command Center  
  20  1:46  Marine  
  21  1:54  SCV  
  22  2:03  Supply Depot  
  22  2:06  SCV  
  23  2:19  Barracks Reactor, Factory  
  23  2:23  Refinery  
  23  2:24  SCV  
  24  2:36  SCV  
  25  2:48  SCV  
  26  2:55  Orbital Command  
  26  3:01  SCV  
  26  3:05  Starport  
  27  3:13  SCV  
  27  3:14  Barracks Tech Lab  
  27  3:15  Hellion x2  
  32  3:25  SCV  
  32  3:26  SCV  
  34  3:36  Hellion x2  
  34  3:37  SCV  
  34  3:38  SCV  
  40  3:46  Supply Depot  
  40  3:49  Fusion Core, SCV  
  40  3:51  SCV  
  40  3:53  Viking  
  44  3:57  Hellion  
  46  4:08  Hellion, SCV x2  
  50  4:10  Supply Depot  
  50  4:19  Hellion  
  50  4:20  SCV  
  50  4:23  SCV  
  54  4:32  Hellion, SCV  
  54  4:33  Supply Depot  
  54  4:35  SCV  
  58  4:44  SCV  
  59  4:45  Supply Depot  
  59  4:46  Supply Depot  
  59  4:47  SCV  
  62  4:53  Hellion  
  62  4:55  Hellion, Battlecruiser  
  70  5:00  Supply Depot  
  70  5:07  SCV x2  
  72  5:15  Command Center  
  72  5:17  Refinery  
  72  5:18  Refinery  
  72  5:19  Armory, SCV x2  
  74  5:29  Hellion x2  
  74  5:31  SCV x2  
  80  5:36  Factory  
  80  5:38  Factory  
  80  5:43  SCV x2  
  80  5:48  Supply Depot  
  80  5:49  Supply Depot  
  82  5:55  SCV x2  
  82  5:56  Hellion x2  
  88  6:07  SCV x2  
  90  6:17  Battlecruiser  
  96  6:19  SCV  
  97  6:31  Factory Tech Lab  
  97  6:32  Factory Tech Lab  
  91  6:33  Hellion x2  
  91  6:34  SCV x2  
  81  6:49  SCV x2  
  75  6:54  Supply Depot  
  75  6:55  Hellion x2  
  75  6:56  Supply Depot  
  79  7:01  Armory, SCV x2, Engineering Bay  
  79  7:05  Barracks Reactor  
  79  7:08  Factory  
  81  7:10  Factory  
  81  7:12  Siege Tank x2  
  81  7:14  Orbital Command  
  87  7:16  Hellion x2  
  87  7:19  SCV  
  87  7:20  SCV  
  91  7:32  SCV x2  
  81  7:41  Hellion x2  
  81  7:44  Siege Tank, Hellion, SCV x2  
  81  7:45  SCV  
  76  7:56  SCV x2  
  77  8:03  Orbital Command  
  75  8:08  SCV  
  75  8:09  SCV  
  75  8:11  Battlecruiser  
  83  8:13  Hellion  
  83  8:20  SCV, Supply Depot  
  83  8:26  Supply Depot  
  84  8:34  SCV x2  
  84  8:35  SCV  
  84  8:38  Siege Tank x2, Hellion  
  95  8:43  Refinery  
  95  8:46  SCV, Supply Depot  
  95  8:47  Supply Depot, SCV  
  97  8:48  Refinery  
  97  9:02  SCV x3  
  100  9:08  Factory Tech Lab  
  100  9:14  SCV x2  
  100  9:15  SCV  
  100  9:16  Missile Turret  
  103  9:20  Missile Turret x2  
  103  9:21  Missile Turret  
  103  9:23  Missile Turret x2  
  101  9:26  SCV  
  101  9:27  Missile Turret, SCV  
  101  9:30  Missile Turret  
  103  9:37  Starport Reactor  
  97  9:41  Factory  
  97  9:43  Orbital Command, Factory  
  91  9:45  Thor  
  91  9:46  Hellion x2  
  101  10:01  SCV  
  101  10:02  SCV  
  96  10:14  SCV x3  
  94  10:26  Missile Turret x2  
Show
View Real Time Build Order
Export as new Build Order

JMONEYMAGIC Zerg - Winner!

Build Orders: Hatch First 

Get SALT Encoding   

  12  0:00  Drone  
  13  0:12  Overlord  
  13  0:17  Drone  
  14  0:32  Drone x2  
  16  0:50  Hatchery  
  16  0:52  Drone  
  16  0:55  Drone  
  17  0:58  Drone  
  18  1:09  Extractor  
  18  1:11  Drone  
  18  1:17  Spawning Pool  
  17  1:20  Drone  
  18  1:27  Drone  
  19  1:40  Drone  
  20  1:50  Drone  
  21  2:02  Drone  
  21  2:03  Drone, Queen x2  
  27  2:18  Hatchery  
  27  2:21  Metabolic Boost  
  27  2:22  Drone  
  27  2:25  Drone  
  27  2:29  Overlord  
  28  2:48  Drone  
  28  2:49  Drone x2, Queen  
  28  2:51  Overlord  
  33  2:55  Drone x2  
  35  3:00  Drone  
  36  3:06  Overlord  
  36  3:08  Queen  
  38  3:13  Zergling x6  
  38  3:16  Drone  
  38  3:19  Drone  
  43  3:22  Drone  
  44  3:28  Queen  
  44  3:30  Overlord  
  44  3:32  Drone x2  
  48  3:39  Queen  
  50  3:41  Overlord  
  50  3:44  Drone  
  50  3:45  Drone x3  
  54  3:50  Drone x3  
  54  3:55  Queen  
  59  4:04  Drone  
  59  4:05  Drone x3  
  63  4:13  Drone x5  
  68  4:21  Zergling x4  
  68  4:22  Zergling x8  
  74  4:24  Overlord x2  
  74  4:26  Overlord  
  74  4:31  Lair  
  74  4:36  Roach Warren  
  74  4:37  Overlord x2  
  73  4:56  Drone, Overlord  
  73  4:57  Drone x10  
  73  4:59  Extractor  
  83  5:00  Spore Crawler  
  83  5:01  Spore Crawler x2  
  83  5:02  Drone x3  
  83  5:04  Extractor  
  82  5:13  Drone x3  
  82  5:14  Evolution Chamber x2  
  84  5:16  Drone x6  
  89  5:21  Extractor  
  88  5:37  Drone  
  88  5:38  Drone x8  
  97  5:44  Extractor x2  
  97  5:49  Spire  
  94  5:50  Glial Reconstitution  
  94  5:51  Overlord x2  
  94  5:55  Spore Crawler  
  94  5:56  Spore Crawler  
  92  5:58  Spore Crawler  
  92  6:02  Overlord  
  91  6:19  Hatchery  
  91  6:20  Roach x14, Hatchery  
  108  6:36  Roach x7  
  118  6:45  Queen x3  
  122  6:47  Roach x3  
  122  6:50  Drone x3  
  128  7:04  Corruptor  
  128  7:06  Overlord x2  
  130  7:22  Zerg Missile Weapons Level 1  
  130  7:23  Zerg Melee Weapons Level 1  
  130  7:28  Baneling Nest  
  129  7:30  Drone x10  
  133  7:38  Corruptor x4  
  131  7:52  Corruptor x4  
  123  8:05  Extractor  
  114  8:07  Extractor  
  106  8:12  Drone  
  106  8:13  Drone x2  
  106  8:14  Drone x3  
  106  8:15  Corruptor x3  
  117  8:20  Drone x11  
  117  8:22  Overlord  
  117  8:24  Overlord  
  128  8:27  Infestation Pit  
  128  8:28  Centrifugal Hooks  
  127  8:36  Overlord  
  127  8:37  Roach  
  127  8:38  Roach x4  
  137  8:45  Roach  
  137  8:46  Roach x5  
  149  8:53  Roach x5  
  159  8:57  Pneumatized Carapace  
  159  9:00  Roach x4  
  159  9:02  Zergling x8  
  171  9:23  Zergling x6  
  174  9:24  Overlord x2  
  174  9:25  Overlord  
  174  9:31  Overlord x2  
  174  9:55  Zergling x56  
  179  10:14  Zergling x26  
Tags
 
Composition
Mech
Matchup
TvZ
Spawn Locations
Cross Positions
Add a new tag
Caveats
  • Supply blocks, unpowered buildings, or Contaminate may cause inaccurate times.
  • Supply counts are checked every 10 seconds.